 Dungeon Crawl Stone Soup version coffee-0.2.0 (webtiles) character file.

Game seed: 16060038929380042061, levelgen mode: deterministic

110 Dorkslayer the Shield-Bearer (level 5, -16/41 HPs)
             Began as a Human Fighter on Sept 26, 2020.
             Was an Initiate of Okawaru.
             Demolished by Wombat's ghost (19 damage)
             ... on level 3 of the Dungeon.
             The game lasted 00:04:41 (1529 turns).

Dorkslayer the Shield-Bearer (Human Fighter)        Turns: 1529, Time: 00:04:41

Health: -16/41     AC:  7    Str: 17    XL:     5   Next: 14%
Magic:  5/5        EV:  9    Int:  9    God:    Okawaru [......]
Gold:   69         SH:  9    Dex: 12    Spells: 4/4 levels left

rFire    . . .     SeeInvis .   a - +0 long sword
rCold    . . .     Gourm    .   c - +0 kite shield
rNeg     . . .     Faith    .   b - +0 scale mail
rPois    .         Spirit   .   (no helmet)
rElec    .         Reflect  .   (no cloak)
rCorr    .         Harm     .   (no gloves)
MR       .....                  (no boots)
Stlth    ++........             (no amulet)
HPRegen  0.13/turn              j - ring of stealth
MPRegen  0.09/turn              (no ring)

@: mighty, very slightly contaminated, hasted, invisible, very quick
A: no striking features
a: Renounce Religion


You were on level 3 of the Dungeon.
You worshipped Okawaru.
Okawaru was noncommittal.
You were not hungry.

You visited 2 branches of the dungeon, and saw 4 of its levels.

You collected 69 gold pieces.

Inventory:

Hand Weapons
 a - a +0 long sword (weapon)
Missiles
 e - 3 silver boomerangs (quivered)
Armour
 b - a +0 scale mail (worn)
 c - a +0 kite shield (worn)
Jewellery
 j - a ring of stealth (left hand)
Scrolls
 g - 2 scrolls of immolation
 l - 2 scrolls of teleportation
 m - a scroll of remove curse
 n - a scroll of amnesia
 p - a scroll of fog
Potions
 d - a potion of might
 i - a potion of curing
Comestibles
 f - 4 rations
 h - 2 chunks of flesh


   Skills:
 + Level 3.4(4.9) Fighting
 + Level 3.2 Long Blades
 + Level 0.1 Throwing
 + Level 3.5(5.0) Armour
 + Level 0.5(4.0) Dodging
 + Level 3.6(5.0) Shields
 * Level 0.5 Invocations


You had 4 spell levels left.
You didn't know any spells.
Your spell library was empty.

Dungeon Overview and Level Annotations

Branches:
Dungeon (3/10)             Temple (1/1) D:2

Altars:
Ashenzari
Cheibriados
Dithmenos
Elyvilon
Fedhas
Gozag
Hepliaklqana
Kikubaaqudgha
Makhleb
Nemelex Xobeh
Okawaru
Qazlal
Ru
Sif Muna
Uskayaw
Vehumet
Wu Jian
Xom
Yredelemnul
Zin
The Shining One

Annotations:
D:3 Wombat's ghost, amateur FoFi


Message History

Wombat's ghost barely misses you.
You riposte.
You slash Wombat's ghost!
Wombat's ghost is moderately damaged.
You closely miss Wombat's ghost.
Wombat's ghost is moderately damaged.
Wombat's ghost shrieks, "Do you think the gods will protect you?"
Wombat's ghost completely misses you.
You slash Wombat's ghost!
Wombat's ghost is severely damaged.
Wombat's ghost hits you.
You are electrocuted!!
* * * LOW HITPOINT WARNING * * *
You barely miss Wombat's ghost.
Wombat's ghost is severely damaged.
Wombat's ghost completely misses you.
You riposte.
Your shield and scale mail prevent you from hitting Wombat's ghost.
Wombat's ghost is severely damaged.
You hit Wombat's ghost but do no damage.
Wombat's ghost is severely damaged.
Wombat's ghost hits you but does no damage.
You are electrocuted!!
You die...

### #♣8♣#
#.$.###
##W##.####
#.@......#
#......#..
#......#
#......#
#......#
#......#
#......#
#......#
#......#


You could see Wombat's ghost.

Vanquished Creatures
  Natasha (D:3)
  3 adders (D:2)
  3 oozes
  A worm (D:2)
  2 dart slugs
  2 leopard geckos (D:1)
  8 goblins
  2 hobgoblins
  5 jackals (D:1)
  A ball python (D:2)
  3 bats
  2 frilled lizards (D:1)
  2 kobolds
  5 rats
40 creatures vanquished.

Notes
Turn   | Place    | Note
-------+----------+-------------------------------------------
     0 | D:1      | Dorkslayer the Human Fighter began the quest for the Orb.
     0 | D:1      | Reached XP level 1. HP: 18/18 MP: 1/1
    49 | D:1      | Reached XP level 2. HP: 24/24 MP: 2/2
   594 | D:1      | Reached XP level 3. HP: 28/29 MP: 3/3
   797 | D:2      | Found a staircase to the Ecumenical Temple.
   827 | D:2      | Reached XP level 4. HP: 33/35 MP: 4/4
   873 | Temple   | Entered the Ecumenical Temple
   918 | Temple   | Became a worshipper of Warmaster Okawaru
  1486 | D:3      | Noticed Natasha
  1493 | D:3      | Killed Natasha
  1493 | D:3      | Reached XP level 5. HP: 40/41 MP: 5/5
  1510 | D:3      | Found a runed translucent door.
  1511 | D:3      | Noticed Wombat's ghost (amateur FoFi)
  1529 | D:3      | Demolished by Wombat's ghost

Levels and vault maps discovered:
D:1:      dpeg_arrival_boxorama, layout_loops_ring
D:2:      layout_rooms, minmay_temple_entry_ruins, serial_bayou_ford_a
D:3:      layout_rooms, chequers_ecumenical_altar_island, serial_shops,
          shop_fountains, gammafunk_ghost_grave, uniq_natasha, uniq_sigmund
Temple:   kilobyte_greek_temple

Skill      XL: |  1  2  3  4 |
---------------+-------------+-----
Long Blades    | 3 |  3.2
Fighting       | |  3.4
Throwing       | |  0.1
Armour         | |  3.5
Dodging        | |  0.5
Shields        | |  3.6
Invocations    | |  0.5

Action                   |  1- 3 |  4- 6 || total
-------------------------+-------+-------++-------
Melee: Long sword        |   116 |    56 ||   172
Throw: Boomerang         |       |     5 ||     5
  Use: Potion            |     1 |     3 ||     4
 Stab: Sleeping          |       |     1 ||     1
  Eat: Chunk             |       |     2 ||     2
Armor: Scale mail        |    50 |     7 ||    57
Dodge: Dodged            |    51 |    15 ||    66
Block: Kite shield       |    64 |    26 ||    90
       Rpst.: Long sword |    15 |     7 ||    22
